 Dungeon Crawl Stone Soup version 0.32-a0-799-g95e1662365 (webtiles) character file.

Game seed: 12458874514721574812

265 adelrune the Chopper (level 5, -1/41 HPs)
             Began as a Demonspawn Gladiator on Mar 21, 2024.
             Was a Follower of Fedhas.
             Slain by a hell rat (8 damage)
             ... in a sewer.
             The game lasted 00:06:23 (2484 turns).

adelrune the Chopper (Demonspawn Gladiator)         Turns: 2484, Time: 00:06:23

Health: -1/41      AC: 16    Str: 17    XL:     5   Next: 99%
Magic:  7/7        EV:  7    Int:  8    God:    Fedhas [*.....]
Gold:   146        SH:  0    Dex: 14    Spells: 4/4 levels left

rFire   . . .        b - +0 war axe
rCold   . . .        (no shield)
rNeg    . . .        m - +0 chain mail
rPois   .            c - +0 helmet
rElec   .            (no cloak)
rCorr   .            (no gloves)
SInv    .            l - +0 pair of boots
Will    .....        y - amulet of the acrobat Stlth
                     (no ring)
HPRegen 0.26/turn    (no ring)
MPRegen 0.10/turn

%: acrobat
@: sanguine armoured
A: powered by death 1, sanguine armour 1
a: Renounce Religion


You were in a sewer.
You worshipped Fedhas.
Fedhas was aware of your devotion.
You visited 1 branch of the dungeon, and saw 4 of its levels.
You also visited: Sewer.

You collected 146 gold pieces.

Inventory:

Hand Weapons
 a - a +0 sling
 b - a +0 war axe (weapon)
Missiles
 d - 2 throwing nets (quivered)
 e - a javelin
Armour
 c - a +0 helmet (worn)
 k - a +0 leather armour
 l - a +0 pair of boots (worn)
 m - a +0 chain mail (worn)
Jewellery
 t - an amulet of magic regeneration
 y - an amulet of the acrobat (around neck)
Scrolls
 g - 2 scrolls of identify
 h - 2 scrolls of amnesia {unknown}
 i - a scroll of enchant armour {unknown}
 n - a scroll of immolation {unknown}
 p - a scroll of acquirement {unknown}
 q - 3 scrolls of fog {unknown}
 r - a scroll of fear {unknown}
 v - 3 scrolls of teleportation {unknown}
Potions
 f - 2 potions of degeneration
 j - a potion of attraction {unknown}
 o - a potion of heal wounds {unknown}
 s - a potion of mutation
 w - a potion of lignification {unknown}
 x - a potion of cancellation {unknown}


   Skills:
 + Level 3.2 Fighting
 * Level 4.4 Axes
 - Level 1.7 Throwing
 + Level 2.0 Armour
 - Level 2.6 Dodging
 * Level 3.2 Invocations


You had 4 spell levels left.
You didn't know any spells.
Your spell library contained the following spells:

 Spells                   Type           Power      Damage    Failure   Level
 Foxfire                  Conj/Fire      0%         2x1d4     99%         1
 Lesser Beckoning         Tloc           0%         N/A       100%        2
 Gell's Gravitas          Tloc           0%         N/A       100%        3
 Teleport Other           Tloc           0%         N/A       100%        3
 Plasma Beam              Fire/Air       0%         2x1d10    100%        6
 Starburst                Conj/Fire      0%         6d3       100%        6


Dungeon Overview and Level Annotations

Branches:
Dungeon (4/15)              Sewer (1/1)
 Temple: D:4-7

Altars:
Dithmenos
Fedhas

Shops:
D:3 [

Annotations:
D:3 2 transporters, crimsonchili123's ghost, amateur MiHu


Innate Abilities, Weirdness & Mutations

You regenerate a little health from kills.
When seriously injured, your blood forms armour. (AC +6)


Message History

No target in view!
No target in view!
You enter the shallow water.
Moving in this stuff is going to be slow.
You see here a rat corpse.
You see here a rat corpse.
You enter the shallow water.
Moving in this stuff is going to be slow.
You open the door.
A hell rat comes into view.
The hell rat roars deafeningly!
Found seven items.
Found a gate leading back out of this place.
You hit the hell rat but do no damage. The hell rat bites you! x2
Your blood congeals into armour.
You barely miss the hell rat.
The hell rat bites you but does no damage.
You hit the hell rat but do no damage. The hell rat closely misses you.
The hell rat bites you but does no damage.
You closely miss the hell rat.
The hell rat bites you but does no damage.
You closely miss the hell rat. The hell rat closely misses you.
A river rat comes into view.
The hell rat bites you but does no damage.
You barely miss the hell rat.
The river rat squeaks loudly.
The hell rat bites you but does no damage.
The hell rat bites you!
* * * LOW HITPOINT WARNING * * *
You hit the hell rat but do no damage. The hell rat barely misses you.
You hit the hell rat.
The hell rat is moderately wounded.
The hell rat bites you.
* * * LOW HITPOINT WARNING * * *
The hell rat bites you!
* * * LOW HITPOINT WARNING * * *
It was a potion of curing.
You feel better. The river rat closely misses you. The hell rat bites you!
You die...
Fedhas appreciates your contribution to the ecosystem.

###~.~###
#...~...#
##~.~...~##
#.~.###..~#
##~~## ##..##
#~~~# ~~#††.#
#.~##~~?##.†#
#.~#~~~??#~.#
#.@r~~~!∩#∩∩#
#~r#.~~!?#..#
#~.# ~.?##~.#
#~.~ ~.#~.~#
##~.# ##..##
#~.~ ~~~#
##... .~.##
.~.~r~.


You could see a hell rat and a river rat.

Vanquished Creatures
  Terence (D:2)
  Natasha (twice) (D:2)
  4 gnolls
  2 river rats (Sewer)
  5 adders
  A dart slug (D:3)
  2 ribbon worms
  4 bats (D:1)
  8 endoplasms
  7 giant cockroaches
  8 goblins
  5 hobgoblins
  7 jackals
  8 kobolds
  2 quokkas
  6 ball pythons
  A frilled lizard (D:3)
  10 rats
83 creatures vanquished.

Notes
Turn   | Place    | Note
-------+----------+-------------------------------------------
     0 | D:1      | adelrune the Demonspawn Gladiator began the quest for the
                  | Orb.
     0 | D:1      | Reached XP level 1. HP: 16/16 MP: 1/1
    56 | D:1      | Reached skill level 3 in Axes
    58 | D:1      | Gained mutation: You regenerate a little health from kills.
                  | [demonic ancestry]
    58 | D:1      | Reached XP level 2. HP: 17/22 MP: 2/2
   288 | D:1      | Reached skill level 1 in Armour
   403 | D:1      | Reached XP level 3. HP: 28/28 MP: 3/3
   663 | D:1      | You fall into a shaft and drop 1 floor!
   725 | D:2      | Noticed Terence
   740 | D:2      | Killed Terence
   858 | D:2      | Found a blossoming altar of Fedhas.
   864 | D:2      | Reached XP level 4. HP: 34/34 MP: 4/4
   867 | D:2      | Became a worshipper of Fedhas Madash
  1157 | D:2      | Noticed Natasha
  1172 | D:2      | Killed Natasha
  1173 | D:2      | Reached skill level 1 in Invocations
  1248 | D:2      | Noticed Natasha
  1262 | D:2      | Killed Natasha
  1263 | D:2      | Reached skill level 4 in Axes
  1567 | D:3      | Gained mutation: When seriously injured, your blood forms
                  | armour. (AC +6) [demonic ancestry]
  1567 | D:3      | Reached XP level 5. HP: 40/40 MP: 6/6
  1579 | D:3      | Found a transporter.
  1581 | D:3      | Found a transporter.
  1581 | D:3      | Noticed crimsonchili123's ghost (amateur MiHu)
  1769 | D:3      | Reached * piety under Fedhas
  1977 | D:3      | Found Wuacveuzxi's Antique Armour Shoppe.
  2075 | D:3      | Found a shadowy altar of Dithmenos.
  2264 | D:4      | Found a glowing drain.
  2437 | Sewer    | Entered a sewer
  2483 | Sewer    | HP: 2/41 [hell rat (9)]
  2484 | Sewer    | Slain by a hell rat

Illustrated notes

Levels and vault maps discovered:
D:1:      nagdon_arrival_zigzag_paths, layout_loops_ring, minmay_bisected
D:2:      layout_rooms, basic_altar, nicolae_elevator_lobby_plus, uniq_terence,
          uniq_natasha
D:3:      layout_basic, nicolae_dithmenos_the_darkroom, gammafunk_ghost_arena,
          serial_shops, shop, grunt_decor_mini_mirrors
D:4:      layout_gridville, minmay_temple_entry_gardened_gates, serial_shops,
          nicolae_take_the_stairs, serial_forest,
          infiniplex_forest_lined_room_2, infiniplex_forest_lined_corner,
          infiniplex_forest_straight_2, infiniplex_forest_end_double,
          infiniplex_forest_corner_1, infiniplex_forest_lined_room_2,
          gup_sewer_entry_glass, minmay_checkerbox, uniq_ijyb
Sewer:    sewer_hellmonk_bad_rat

Skill      XL: |  1  2  3  4  5 |
---------------+----------------+-----
Axes           | 3 4 |  4.4
Armour         | 1 2 |  2.0
Invocations    | 2 3 |  3.2
Fighting       | 3 |  3.2
Throwing       | |  1.7
Dodging        | |  2.6

Action                     |  1- 3 |  4- 6 || total
---------------------------+-------+-------++-------
  Melee: War axe           |    77 |   163 ||   240
   Fire: Sling             |    32 |    54 ||    86
  Throw: Throwing net      |       |     3 ||     3
    Use: Scroll            |       |     2 ||     2
         Potion            |       |     1 ||     1
   Stab: Sleeping          |     2 |       ||     2
         Held in net/web   |       |     1 ||     1
 Armour: Leather armour    |    47 |       ||    47
         Chain mail        |    10 |   218 ||   228
  Dodge: Dodged            |    56 |   115 ||   171

Table legend: (Time is in decaauts)
 A = Elapsed time spent in this place.
 B = Non-inter-level travel time spent in this place.
 C = Inter-level travel time spent in this place.
 D = Time resting spent in this place.
 E = Time spent auto-exploring this place.
 F = Levels seen in this place.
 G = Mean time per level.
                   A        B        C        D        E       F      G
               +--------+--------+--------+--------+--------+-----+--------+
         Total |   2618 |   2487 |    131 |    264 |   1483 |   5 |  523.6 |
       Dungeon |   2560 |   2429 |    131 |    264 |   1464 |   4 |  640.0 |
         Sewer |     57 |     57 |      0 |      0 |     19 |   1 |   57.0 |
               +--------+--------+--------+--------+--------+-----+--------+

Top non-repeatable levels by time:
     D:1: 825 daAuts
     D:3: 814 daAuts
     D:2: 779 daAuts
     D:4: 140 daAuts
   Sewer: 57 daAuts
